PA
SOUTH BEACH BLAZE @ GALESBURG GUZZLERS
07/05/2023
 
TOP OF THE 1ST
South Beach Blaze batting - Pitching for Galesburg Guzzlers : RHP Victor de Meij
Pitching: RHP Victor de Meij
Batting: RHB Sergio Anruvio 0-0: Called Strike
0-1: Ground out 4-3 (Groundball, 4M)
Batting: RHB Nick Ross 0-0: Ball
1-0: Foul Ball, location: 2F
1-1: Ball
2-1: Fly out, F9 (Flyball, 9S)
Batting: RHB Héctor Santandreu 0-0: Swinging Strike
0-1: Ball
1-1: Foul Ball, location: 2F
1-2: Strikes out looking
Top of the 1st over - 0 run(s), 0 hit(s), 0 error(s), 0 left on base; South Beach 0 - Galesburg 0
BOTTOM OF THE 1ST
Galesburg Guzzlers batting - Pitching for South Beach Blaze : RHP Carlos Ortega
Pitching: RHP Carlos Ortega
Batting: RHB Roland Deschain 0-0: Called Strike
0-1: SINGLE (Groundball, 6M)
Batting: RHB Fernando Rivera 0-0: Ball
1-0: Foul Ball, location: 2F
1-1: Ball
2-1: Foul Ball, location: 2F
2-2: Ball
3-2: Strikes out swinging
Roland Deschain is caught stealing 2nd base
Batter strikes out.
Batting: RHB Javier De Jesús 0-0: Ball
1-0: Ball
2-0: Foul Ball, location: 2F
2-1: Ball
3-1: Called Strike
3-2: Base on Balls
Batting: LHB Chris Etheridge 0-0: Swinging Strike
0-1: Called Strike
0-2: Ball
Pickoff Throw to First - Out!
Bottom of the 1st over - 0 run(s), 1 hit(s), 0 error(s), 0 left on base; South Beach 0 - Galesburg 0
TOP OF THE 2ND
South Beach Blaze batting - Pitching for Galesburg Guzzlers : RHP Victor de Meij
Batting: RHB Troy Charles 0-0: Ball
1-0: Called Strike
1-1: Fly out, F7 (Line Drive, 78M)
Batting: LHB Michael Lange 0-0: Ball
1-0: Ground out 6-3 (Groundball, 6M)
Batting: RHB Wade Killefer 0-0: Ground out 6-3 (Groundball, 6M)
Top of the 2nd over - 0 run(s), 0 hit(s), 0 error(s), 0 left on base; South Beach 0 - Galesburg 0
BOTTOM OF THE 2ND
Galesburg Guzzlers batting - Pitching for South Beach Blaze : RHP Carlos Ortega
Batting: LHB Chris Etheridge 0-0: Swinging Strike
0-1: Foul Ball, location: 2F
0-2: Ball
1-2: Strikes out swinging
Batting: RHB Frank Crocker 0-0: Ground out 5-3 (Groundball, 5S)
Batting: RHB Gabrio Campoverde 0-0: Called Strike
0-1: Swinging Strike
0-2: Fly out, F7 (Line Drive, 78S)
Bottom of the 2nd over - 0 run(s), 0 hit(s), 0 error(s), 0 left on base; South Beach 0 - Galesburg 0
TOP OF THE 3RD
South Beach Blaze batting - Pitching for Galesburg Guzzlers : RHP Victor de Meij
Batting: RHB Dimian Menres 0-0: Called Strike
0-1: Ball
1-1: Foul Ball, location: 2F
1-2: Ball
2-2: Foul Ball, location: 2F
2-2: Foul Ball, location: 2F
2-2: SINGLE (Groundball, 56D)
Batting: LHB Miguel Pacheco 0-0: Ball
1-0: Foul Ball, location: 2F
1-1: Ball
2-1: SINGLE (Line Drive, 56D)
Dimian Menres to second
Batting: RHB Chris Nichols 0-0: SINGLE (Groundball, 6M)
Dimian Menres to third
Miguel Pacheco to second
Runner from 3rd tries for Home, SAFE, no throw or cutoff
Batting: RHB Sergio Anruvio 0-0: Called Strike
0-1: Ball
1-1: Swinging Strike
1-2: Foul Ball, location: 2F
1-2: Strikes out swinging
Batting: RHB Nick Ross 0-0: Called Strike
0-1: Fielders Choice at 2nd, 1-6 (Groundball, 15S)
Miguel Pacheco to third
Batting: RHB Héctor Santandreu 0-0: Foul Ball, location: 2F
0-1: Called Strike
0-2: Fly out, F7 (Flyball, 7M)
Top of the 3rd over - 1 run(s), 3 hit(s), 0 error(s), 2 left on base; South Beach 1 - Galesburg 0
BOTTOM OF THE 3RD
Galesburg Guzzlers batting - Pitching for South Beach Blaze : RHP Carlos Ortega
Batting: RHB Tripp Donahue 0-0: Ball
1-0: Foul Ball, location: 2F
1-1: Foul Ball, location: 2F
1-2: Foul Ball, location: 2F
1-2: Ball
2-2: Strikes out swinging
Batting: RHB Pierre Bernard 0-0: Called Strike
0-1: Swinging Strike
0-2: Strikes out swinging
Batting: RHB Toussiant L'Ouverture 0-0: Called Strike
0-1: Called Strike
0-2: Foul Ball, location: 2F
0-2: Ball
1-2: Ball
2-2: Ball
3-2: Strikes out looking
Bottom of the 3rd over - 0 run(s), 0 hit(s), 0 error(s), 0 left on base; South Beach 1 - Galesburg 0
TOP OF THE 4TH
South Beach Blaze batting - Pitching for Galesburg Guzzlers : RHP Victor de Meij
Batting: RHB Troy Charles 0-0: Ball
1-0: Ball
2-0: Called Strike
2-1: Ball
3-1: Base on Balls
Batting: LHB Michael Lange 0-0: Ball
1-0: Foul Ball, location: 2F
1-1: Ball
2-1: Foul Ball, location: 2F
2-2: Grounds into double play, 6-4-3 (Groundball, 6M)
Batting: RHB Wade Killefer 0-0: Foul Ball, location: 2F
0-1: Fly out, F3 (Popup, 3SF)
Top of the 4th over - 0 run(s), 0 hit(s), 0 error(s), 0 left on base; South Beach 1 - Galesburg 0
BOTTOM OF THE 4TH
Galesburg Guzzlers batting - Pitching for South Beach Blaze : RHP Carlos Ortega
Batting: RHB Roland Deschain 0-0: Called Strike
0-1: Called Strike
0-2: Ball
1-2: Ground out 6-3 (Groundball, 6M)
Batting: RHB Fernando Rivera 0-0: Called Strike
0-1: Ball
1-1: Called Strike
1-2: Strikes out swinging
Batting: RHB Javier De Jesús 0-0: Ground out 4-3 (Groundball, 4)
Bottom of the 4th over - 0 run(s), 0 hit(s), 0 error(s), 0 left on base; South Beach 1 - Galesburg 0
TOP OF THE 5TH
South Beach Blaze batting - Pitching for Galesburg Guzzlers : RHP Victor de Meij
Batting: RHB Dimian Menres 0-0: Foul Ball, location: 2F
0-1: SINGLE (Groundball, 56D)
Batting: LHB Miguel Pacheco 0-0: Ball
1-0: Sac Bunt - play at first, batter OUT! 1-4
Dimian Menres to second
Batting: RHB Chris Nichols 0-0: Ball
1-0: Called Strike
Dimian Menres is caught stealing 3rd base
1-1: Foul Ball, location: 2F
1-2: Fly out, F7 (Flyball, 7M)
Top of the 5th over - 0 run(s), 1 hit(s), 0 error(s), 0 left on base; South Beach 1 - Galesburg 0
BOTTOM OF THE 5TH
Galesburg Guzzlers batting - Pitching for South Beach Blaze : RHP Carlos Ortega
Batting: LHB Chris Etheridge 0-0: Ball
1-0: Foul Ball, location: 2F
1-1: Swinging Strike
1-2: Foul Ball, location: 2F
1-2: Ball
2-2: Foul Ball, location: 2F
2-2: Ball
3-2: Foul Ball, location: 2F
3-2: Strikes out looking
Batting: RHB Frank Crocker 0-0: Fly out, F7 (Flyball, 78M)
Batting: RHB Gabrio Campoverde 0-0: Ball
1-0: Ball
2-0: Ball
3-0: Called Strike
3-1: Fly out, F7 (Flyball, 78M)
Bottom of the 5th over - 0 run(s), 0 hit(s), 0 error(s), 0 left on base; South Beach 1 - Galesburg 0
TOP OF THE 6TH
South Beach Blaze batting - Pitching for Galesburg Guzzlers : RHP Victor de Meij
Batting: RHB Sergio Anruvio 0-0: Ball
1-0: Ball
2-0: Swinging Strike
2-1: Foul Ball, location: 2F
2-2: Strikes out looking
Batting: RHB Nick Ross 0-0: Ball
1-0: Called Strike
1-1: Ground out 6-3 (Groundball, 6M)
Batting: RHB Héctor Santandreu 0-0: Swinging Strike
0-1: Swinging Strike
0-2: Foul Ball, location: 2F
0-2: Strikes out swinging
Top of the 6th over - 0 run(s), 0 hit(s), 0 error(s), 0 left on base; South Beach 1 - Galesburg 0
BOTTOM OF THE 6TH
Galesburg Guzzlers batting - Pitching for South Beach Blaze : RHP Carlos Ortega
Batting: RHB Tripp Donahue 0-0: Ground out 5-3 (Groundball, 5S)
Batting: RHB Pierre Bernard 0-0: Called Strike
0-1: Ball
1-1: Swinging Strike
1-2: Ball
2-2: SINGLE (Line Drive, 4M)
Batting: RHB Toussiant L'Ouverture 0-0: Called Strike
0-1: SINGLE (Line Drive, 9S)
Pierre Bernard to second
Batting: RHB Roland Deschain 0-0: Called Strike
0-1: Swinging Strike
0-2: Ball
1-2: Strikes out swinging
Batting: RHB Fernando Rivera 0-0: Ball
Balk!
Pierre Bernard to third
Toussiant L'Ouverture to second
1-0: Ground out 6-3 (Groundball, 6)
Bottom of the 6th over - 0 run(s), 2 hit(s), 0 error(s), 2 left on base; South Beach 1 - Galesburg 0
TOP OF THE 7TH
South Beach Blaze batting - Pitching for Galesburg Guzzlers : RHP Victor de Meij
Batting: RHB Troy Charles 0-0: Ball
1-0: Ball
2-0: Foul Ball, location: 2F
2-1: SINGLE (Line Drive, 9S)
Pinch Hitting: RHB Leonardo Ramírez 0-0: Swinging Strike
0-1: Ball
1-1: Fly out, F7 (Flyball, 7M)
Batting: RHB Wade Killefer 0-0: Ball
Troy Charles steals 2nd base
1-0: Ball
2-0: Called Strike
Troy Charles steals 3rd base
2-1: Fly out, F9 (Flyball, 9M)
Runner from 3rd tags up, SCORES, throw made
Batting: RHB Dimian Menres 0-0: Fly out, F8 (Flyball, 8RM)
Top of the 7th over - 1 run(s), 1 hit(s), 0 error(s), 0 left on base; South Beach 2 - Galesburg 0
BOTTOM OF THE 7TH
Galesburg Guzzlers batting - Pitching for South Beach Blaze : RHP Carlos Ortega
Now at 1B: Leonardo Ramírez
Batting: RHB Javier De Jesús 0-0: Foul Ball, location: 2F
0-1: Ball
1-1: Swinging Strike
1-2: Ball
2-2: Strikes out looking
Batting: LHB Chris Etheridge 0-0: Called Strike
0-1: Swinging Strike
0-2: Foul Ball, location: 2F
0-2: Strikes out swinging
Batting: RHB Frank Crocker 0-0: Called Strike
0-1: Ball
1-1: Foul Ball, location: 2F
1-2: Ground out 6-3 (Groundball, 6)
Bottom of the 7th over - 0 run(s), 0 hit(s), 0 error(s), 0 left on base; South Beach 2 - Galesburg 0
TOP OF THE 8TH
South Beach Blaze batting - Pitching for Galesburg Guzzlers : RHP Victor de Meij
Batting: LHB Miguel Pacheco 0-0: Ball
1-0: Foul Ball, location: 2F
1-1: Ball
2-1: Ball
3-1: Foul Ball, location: 2F
3-2: Foul Ball, location: 2F
3-2: Foul Ball, location: 2F
3-2: SINGLE (Line Drive, 6M)
Batting: RHB Chris Nichols 0-0: Ball
1-0: Sac Bunt - play at first, batter OUT! 1-4
Miguel Pacheco to second
Batting: RHB Sergio Anruvio 0-0: Intentional Walk
Pitching: RHP Jim Unknown
Pinch Hitting: RHB Alfonso Baca 0-0: Foul Ball, location: 2F
0-1: Called Strike
0-2: Ball
1-2: Fly out, F7 (Flyball, 7LS)
Pinch Hitting: RHB Marcos Reyes 0-0: Fly out, F1 (Line Drive, 13S)
Top of the 8th over - 0 run(s), 1 hit(s), 0 error(s), 2 left on base; South Beach 2 - Galesburg 0
BOTTOM OF THE 8TH
Galesburg Guzzlers batting - Pitching for South Beach Blaze : RHP Carlos Ortega
Now at 3B: León Domínguez
Now in LF: Larry van Rey
Batting: RHB Gabrio Campoverde 0-0: Ball
1-0: Called Strike
1-1: Swinging Strike
1-2: Ball
2-2: Strikes out looking
Pitching: RHP Mario Pérez
Batting: RHB Tripp Donahue 0-0: Swinging Strike
0-1: Ball
1-1: Called Strike
1-2: Foul Ball, location: 2F
1-2: Ball
2-2: Ball
3-2: Ground out 5-3 (Groundball, 56S)
Batting: RHB Pierre Bernard 0-0: Ground out 4-3 (Groundball, 13)
Bottom of the 8th over - 0 run(s), 0 hit(s), 0 error(s), 0 left on base; South Beach 2 - Galesburg 0
TOP OF THE 9TH
South Beach Blaze batting - Pitching for Galesburg Guzzlers : RHP Jim Unknown
Pitching: RHP Jim Unknown
Batting: RHB Troy Charles 0-0: Ball
1-0: Called Strike
1-1: Ball
2-1: Ball
3-1: Foul Ball, location: 2F
3-2: Strikes out swinging
Batting: RHB Leonardo Ramírez 0-0: Ball
1-0: Foul Ball, location: 2F
1-1: Foul Ball, location: 2F
1-2: Ball
2-2: Hit by Pitch
Batting: RHB Wade Killefer 0-0: Called Strike
0-1: Foul Ball, location: 2F
0-2: Ball
1-2: Ball
2-2: Foul Ball, location: 2F
2-2: Strikes out looking
Batting: RHB Dimian Menres 0-0: Called Strike
0-1: Called Strike
0-2: Ball
1-2: Ball
2-2: Foul Ball, location: 2F
2-2: Strikes out looking
Top of the 9th over - 0 run(s), 0 hit(s), 0 error(s), 1 left on base; South Beach 2 - Galesburg 0
BOTTOM OF THE 9TH
Galesburg Guzzlers batting - Pitching for South Beach Blaze : RHP Mario Pérez
Pitching: RHP Adam Taylor
Batting: RHB Toussiant L'Ouverture 0-0: Called Strike
0-1: Called Strike
0-2: Strikes out swinging
Batting: RHB Roland Deschain 0-0: Called Strike
0-1: Ball
1-1: Foul Ball, location: 2F
1-2: Foul Ball, location: 2F
1-2: Ball
2-2: Strikes out swinging
Batting: RHB Fernando Rivera 0-0: Foul Ball, location: 2F
0-1: Swinging Strike
0-2: Ball
1-2: Foul Ball, location: 2F
1-2: Foul Ball, location: 2F
1-2: Foul Ball, location: 2F
1-2: Strikes out looking
Bottom of the 9th over - 0 run(s), 0 hit(s), 0 error(s), 0 left on base; South Beach 2 - Galesburg 0
This league is powered by Out of the Park Baseball, the baseball management simulation game for PC, Mac and Linux
Friday, July 8th, 2016 - OOTP Baseball 16.9 Build 39